 Dungeon Crawl Stone Soup version 0.24.0-123-gd5b16e6ec5 (webtiles) character file.

Game seed: 2330882215821522668, levelgen mode: deterministic

21046 Velka12 the Martial Artist (level 12, -10/127 HPs)
             Began as an Octopode Transmuter on Dec 20, 2019.
             Was an Initiate of Gozag.
             Mangled by a salamander mystic
             ... wielding a +0 quarterstaff
              (19 damage)
             ... on level 4 of the Lair of Beasts on Jan 13, 2020.
             The game lasted 00:58:22 (24283 turns).

Velka12 the Martial Artist (Octopode Transmuter)   Turns: 24283, Time: 00:58:25

Health: -10/127    AC:  1    Str: 15    XL:     12   Next: 85%
Magic:  30/30      EV: 13    Int: 20    God:    Gozag
Gold:   1428       SH:  0    Dex: 12    Spells: 8/23 levels left

rFire    . . .     SeeInvis .     - Unarmed
rCold    + . .     Gourm    .   (no shield)
rNeg     . . .     Faith    .   (helmet restricted)
rPois    .         Spirit   .   (no amulet)
rElec    .         Reflect  .   p - ring of magical power
rCorr    .         Harm     .   z - ring of protection from cold
MR       .....                  (no ring)
Stlth    ..........             (no ring)
HPRegen  0.31/turn              (no ring)
MPRegen  0.22/turn              (no ring)
                                (no ring)
                                (no ring)

@: berserking, very quick
A: almost no armour, stealthy swim, amphibious, 8 rings, constrict 8, camouflage
1, gelatinous body 1
a: Potion Petition, Call Merchant, Bribe Branch, Renounce Religion


You were on level 4 of the Lair of Beasts.
You worshipped Gozag.
Gozag was most pleased with you.
You were not hungry.

You visited 3 branches of the dungeon, and saw 16 of its levels.
You also visited: Volcano.

You collected 2248 gold pieces.
You paid 820 gold pieces to Gozag.

Inventory:

Missiles
 a - 194 arrows
 d - 480 stones
 v - a throwing net
 C - 17 poisoned darts (quivered)
 D - 6 curare-tipped darts
Armour
 M - a +0 shield
Jewellery
 p - a ring of magical power (left tentacle)
 z - a ring of protection from cold (right tentacle)
 L - an uncursed ring of teleportation
Wands
 b - a wand of acid (12)
 w - a wand of disintegration (16)
 E - a wand of iceblast (12)
 F - a wand of enslavement (4)
 H - a wand of flame (28)
 J - a wand of polymorph (6)
Scrolls
 g - 10 scrolls of teleportation
 i - 3 scrolls of enchant weapon
 j - 5 scrolls of immolation
 l - 2 scrolls of enchant armour
 m - 8 scrolls of remove curse
 s - a scroll of identify
 t - 5 scrolls of fog
 u - 4 scrolls of amnesia
 x - 3 scrolls of blinking {unknown}
 y - a scroll of vulnerability {unknown}
 A - a scroll of magic mapping {unknown}
 G - a scroll of random uselessness {unknown}
Potions
 e - 3 potions of heal wounds
 f - 2 potions of might
 h - 2 potions of magic
 k - a potion of lignification
 n - a potion of curing
 o - 2 potions of cancellation
 q - 4 potions of agility
 r - 3 potions of haste
 B - 2 potions of ambrosia
 I - 4 potions of resistance
Comestibles
 c - 19 rations


   Skills:
 + Level 9.0 Fighting
 - Level 2.0 Dodging
 + Level 12.2 Stealth
 * Level 12.7 Unarmed Combat
 + Level 6.3 Spellcasting
 + Level 8.7 Transmutations
 - Level 3.0 Ice Magic
 - Level 2.8 Poison Magic


You had 8 spell levels left.
You knew the following spells:

 Your Spells              Type           Power        Failure   Level  Hunger
a - Beastly Appendage     Tmut           #####.       1%          1    None
b - Sticks to Snakes      Tmut           #####...     1%          2    None
c - Spider Form           Tmut/Pois      ####......   2%          3    ##.....
d - Ice Form              Ice/Tmut       ####....     9%          4    ####...
e - Blade Hands           Tmut           #####.....   8%          5    #####..

Your spell library contained the following spells:

 Spells                   Type           Power        Failure   Level  Hunger
 Sting                    Conj/Pois      ##..         5%          1    None
 Poisonous Vapours        Pois/Air       ##....       9%          2    None
 Infusion                 Chrm           #...         11%         1    None
 Summon Small Mammal      Summ           #...         11%         1    None
 Call Imp                 Summ           #.......     16%         2    None
 Shroud of Golubria       Chrm/Tloc      #.....       16%         2    None
 Song of Slaying          Chrm           #.......     16%         2    None
 Mephitic Cloud           Conj/Pois/Air  ##......     21%         3    ##.....
 Call Canine Familiar     Summ           #.......     30%         3    ##.....
 Regeneration             Chrm/Necr      #.........   30%         3    ##.....
 Spectral Weapon          Hex/Chrm       #.......     30%         3    ##.....
 Summon Guardian Golem    Hex/Summ       #.......     30%         3    ##.....
 Olgreb's Toxic Radiance  Pois           ###.....     30%         4    ####...
 Yara's Violent Unravell  Hex/Tmut       ###.......   43%         5    #####..
 Summon Ice Beast         Ice/Summ       ##......     47%         4    ####...
 Cause Fear               Hex            #.........   71%         4    ####...
 Summon Lightning Spire   Summ/Air       #.......     71%         4    ####...
 Venom Bolt               Conj/Pois      ##........   83%         5    #####..
 Silence                  Hex/Air        #.........   96%         5    #####..
 Deflect Missiles         Chrm/Air       #.........   100%        6    #######
 Discord                  Hex            #.........   100%        8    #######


Dungeon Overview and Level Annotations

Branches:
Dungeon (11/15)            Temple (1/1) D:7            Lair (4/6) D:9
  Swamp (0/4) Lair:3      Volcano (visited)
  Snake: Lair:2-4    Spider: Lair:2-4       Orc: D:9-12

Altars:
Ashenzari
Cheibriados
Dithmenos
Elyvilon
Fedhas
Gozag
Hepliaklqana
Kikubaaqudgha
Makhleb
Nemelex Xobeh
Okawaru
Qazlal
Ru
Sif Muna
Trog
Uskayaw
Vehumet
Wu Jian
Xom
Yredelemnul
Zin
The Shining One

Shops:
D:4 }=(   D:7 *

Annotations:
D:4 Menkaure
D:5 Grinder
D:9 exclusion: door
D:10 exclusion: downstairs, Erolcha, Snorg
Lair:1 1 runed translucent door, ciphuk's ghost, journeyman KoBe
Lair:4 1 runed translucent door, Curus's ghost, journeyman MiBe


Innate Abilities, Weirdness & Mutations

You cannot wear most types of armour.
You are very stealthy in the water. (Stealth+)
You are amphibious.
You can wear up to eight rings at the same time.
You can use your tentacles to constrict eight enemies at once.
Your skin changes colour to match your surroundings (Stealth+).
Your rubbery body absorbs attacks. (AC +1, EV +1)


Message History

Welcome back to the Lair of Beasts!
Level annotation: 1 runed translucent door, Curus's ghost, journeyman MiBe
There is a collapsed entrance here.
A red film seems to cover your vision as you go berserk!
You feel yourself moving faster!
You feel mighty!
The salamander mystic gestures at you while chanting.
The bolt of magma hits you!!!
* * * LOW HITPOINT WARNING * * *
You are too injured to fight recklessly!
You bludgeon the salamander mystic! You grab the salamander mystic.
The salamander mystic is moderately wounded.
You constrict the salamander mystic, but do no damage.
You bludgeon the salamander mystic!
The salamander mystic is heavily wounded.
You constrict the salamander mystic.
The salamander mystic hits you with a +0 quarterstaff!
* * * LOW HITPOINT WARNING * * *
You are engulfed in flames!!
You die...
Your body crumbles into a pile of gold.

................##..!..##..
#................##...##...
##.....>..........##⌠##P...
.............#.....###..P.P
.#...###?.####..<......#
.... #..# #.....##......
#.#####..# ##....# .....
#≈≈≈.N## #.....# ....
#≈≈≈..@# ##........ ...
#≈≈≈..## #....#.... ..
###≈..# #......###.. .
##..# #.....## # #..#
....... .... #########
##.## ##


You could see a salamander mystic.

Vanquished Creatures
  A hydra (Lair:1)
  Pikel (D:4)
  An ugly thing (D:9)
  2 salamanders (Volcano)
  Joseph (D:7)
  5 black mambas
  Psyche (D:8)
  7 spiny frogs
  2 efreet (D:10)
  3 komodo dragons
  A steam dragon (D:9)
  2 polar bears (D:10)
  A troll (D:10)
  5 hippogriffs
  5 dream sheep (Lair:4)
  5 blink frogs (Lair:1)
  A bog body (Lair:3)
  A human (D:7)
  3 yaks (D:11)
  4 hogs (D:7)
  A basilisk (Lair:3)
  2 hungry ghosts (D:7)
  2 wargs (D:9)
  12 water moccasins
  3 ice beasts (D:10)
  5 porcupines
  6 sky beasts
  4 orc warriors
  2 slaves
  A black bear (D:8)
  2 phantoms
  A necrophage (D:7)
  2 centaurs
  4 ogres
  8 wolves
  A big kobold (D:10)
  8 crocodiles
  10 bullfrogs
  4 scorpions
  5 wights
  6 crimson imps
  2 quasits
  2 bullfrog skeletons
  2 jellies
  2 centaur skeletons
  4 orc priests
  2 centaur zombies (D:6)
  4 hounds
  15 orc wizards
  4 iguanas
  4 worker ants
  A killer bee zombie (D:9)
  6 adders
  A gnoll (D:1)
  2 shadow imps
  An ufetubus (D:10)
  An ooze (D:7)
  3 adder zombies
  2 adder skeletons
  3 worms
  A dart slug (D:2)
  3 leopard geckos
  42 orcs
  A giant cockroach (D:5)
  5 goblins
  3 hobgoblins
  18 jackals
  2 quokkas
  A ball python (D:4)
  7 bats
  4 frilled lizards
  A jackal skeleton (D:5)
  8 kobolds
  10 rats
  2 fire vortices (D:9)
310 creatures vanquished.

Vanquished Creatures (collateral kills)
  A wyvern skeleton (D:9)
1 creature vanquished.

Vanquished Creatures (others)
  A vampire mosquito (D:10)
  A warg (D:9)
  An orc priest (D:9)
  A fire vortex (D:9)
  A fungus (Lair:3)
5 creatures vanquished.

Grand Total: 316 creatures vanquished

Notes
Turn   | Place    | Note
-------+----------+-------------------------------------------
     0 | D:1      | Velka12 the Octopode Transmuter began the quest for the
                  | Orb.
     0 | D:1      | Reached XP level 1. HP: 13/13 MP: 3/3
     2 | D:1      | Noticed a spriggan
     2 | D:1      | Noticed an octopode
     4 | D:1      | Noticed a vampire
     4 | D:1      | Noticed a merfolk
     6 | D:1      | Noticed a halfling
     6 | D:1      | Noticed a minotaur
     8 | D:1      | Noticed a naga
     8 | D:1      | Noticed a troll
    10 | D:1      | Noticed a demonspawn
    12 | D:1      | Noticed a gargoyle
    12 | D:1      | Noticed an elf
    14 | D:1      | Noticed a dwarf
    16 | D:1      | Noticed a human
    18 | D:1      | Noticed a centaur
    18 | D:1      | Noticed a tengu
    20 | D:1      | Noticed a felid
    22 | D:1      | Noticed a vine stalker
    22 | D:1      | Noticed a formicid
    24 | D:1      | Noticed a draconian
    24 | D:1      | Noticed an ogre
    26 | D:1      | Noticed a demigod
    26 | D:1      | Noticed a ghoul
   865 | D:2      | Reached XP level 2. HP: 18/18 MP: 5/5
   872 | D:2      | Learned a level 2 spell: Sticks to Snakes
   883 | D:2      | Reached skill level 1 in Stealth
  1164 | D:2      | Reached XP level 3. HP: 22/23 MP: 6/6
  2068 | D:3      | Found an iron altar of Okawaru.
  2070 | D:3      | Reached XP level 4. HP: 29/29 MP: 7/7
  2079 | D:3      | Learned a level 3 spell: Spider Form
  2550 | D:3      | Found a radiant altar of Vehumet.
  3185 | D:4      | Reached skill level 1 in Poison Magic
  3185 | D:4      | Reached XP level 5. HP: 26/34 MP: 8/8
  3407 | D:4      | Found a shimmering altar of Xom.
  3429 | D:4      | Found Axkuxoiro's Gadget Emporium.
  3450 | D:4      | Noticed a slave
  3451 | D:4      | Noticed a slave
  3452 | D:4      | Noticed Pikel
  3651 | D:4      | Noticed an ice beast
  3666 | D:4      | Noticed an ogre
  3688 | D:4      | Killed an ogre
  3688 | D:4      | Reached XP level 6. HP: 22/41 MP: 9/9
  3940 | D:4      | Noticed a slave
  3955 | D:4      | Noticed Menkaure
  3996 | D:4      | Noticed a phantom
  4008 | D:4      | Noticed a slave
  4369 | D:4      | an ice beast changed into a wolf
  4378 | D:4      | Reached skill level 5 in Unarmed Combat
  4509 | D:4      | Killed a slave
  4710 | D:4      | Noticed a sky beast
  4726 | D:4      | Killed a sky beast
  4726 | D:4      | Reached XP level 7. HP: 46/46 MP: 10/10
  4793 | D:4      | Found Joaxt's Antique Weapon Shop.
  4955 | D:4      | Noticed Sigmund
  4957 | D:4      | Noticed Sigmund
  4957 | D:4      | Sigmund changed into Sigmund the wolf
  4968 | D:4      | Killed Sigmund the wolf
  5163 | D:4      | Learned a level 4 spell: Ice Form
  5264 | D:4      | Killed Pikel
  5264 | D:4      | Reached skill level 5 in Stealth
  5264 | D:4      | Reached XP level 8. HP: 49/54 MP: 11/11
  5300 | D:5      | Entered Level 5 of the Dungeon
  5919 | D:5      | Noticed Grinder
  6290 | D:6      | Found a hazy altar of Hepliaklqana.
  6501 | D:5      | Reached skill level 5 in Transmutations
  6741 | D:6      | Reached XP level 9. HP: 39/59 MP: 12/12
  6807 | D:6      | Found a hide-covered altar of Uskayaw.
  7138 | D:6      | Reached skill level 5 in Fighting
  7491 | D:6      | Found a glowing golden altar of the Shining One.
  7867 | D:4      | Found Xichet's Jewellery Boutique.
  9029 | D:7      | Found a shadowy altar of Dithmenos.
  9316 | D:7      | Noticed Joseph
  9348 | D:7      | Found a staircase to the Ecumenical Temple.
  9362 | Temple   | Entered the Ecumenical Temple
  9597 | Temple   | Became a worshipper of Gozag Ym Sagoz the Greedy
  9762 | D:7      | Found Foniv's Assorted Antiques.
  9788 | D:7      | Reached XP level 10. HP: 41/68 MP: 13/13
 11045 | D:8      | Noticed Psyche
 11374 | D:8      | Killed Psyche
 11622 | D:8      | Found a sparkling altar of Nemelex Xobeh.
 11759 | D:8      | Found a burning altar of Makhleb.
 11759 | D:8      | Noticed an Executioner
 12041 | D:8      | Found an ornate altar of the Wu Jian Council.
 12454 | D:9      | Reached skill level 10 in Unarmed Combat
 13411 | D:9      | Found a staircase to the Lair.
 14010 | D:9      | Reached skill level 1 in Ice Magic
 14348 | D:9      | Noticed a red ugly thing
 14434 | D:10     | Entered Level 10 of the Dungeon
 14703 | D:10     | Noticed Snorg
 14866 | D:10     | Reached XP level 11. HP: 9/75 MP: 16/16
 14867 | D:10     | Noticed a fire dragon
 15774 | D:9      | Found a white marble altar of Elyvilon.
 15916 | D:10     | Noticed Erolcha
 16199 | D:10     | Reached skill level 10 in Stealth
 16296 | D:10     | Identified the +8 rapier of Wu Jian's Whim {venom, rC+
                  | Dex+7}
 17599 | D:7      | Killed Joseph
 17818 | D:9      | Killed a purple ugly thing
 18210 | D:9      | Found an ancient bone altar of Kikubaaqudgha.
 18327 | D:9      | Found a snail-covered altar of Cheibriados.
 18422 | D:11     | Noticed a six-headed hydra
 18616 | Lair:1   | Entered Level 1 of the Lair of Beasts
 19290 | Lair:1   | Noticed a four-headed hydra
 19301 | Lair:1   | Killed a four-headed hydra
 19654 | Lair:1   | Reached skill level 5 in Spellcasting
 19994 | Lair:1   | Found a runed translucent door.
 20352 | Lair:1   | Noticed ciphuk's ghost (journeyman KoBe)
 20536 | Lair:2   | Learned a level 5 spell: Blade Hands
 20544 | Lair:2   | Reached XP level 12. HP: 82/82 MP: 19/19
 21691 | Lair:3   | Found a staircase to the Swamp.
 23772 | Lair:4   | Found a runed translucent door.
 23799 | Lair:4   | Noticed Curus's ghost (journeyman MiBe)
 23863 | Lair:4   | Found a dark tunnel.
 23872 | Volcano  | Entered a volcano
 23987 | Volcano  | HP: 4/100 [salamander/+0 trident (22)]
 24283 | Lair:4   | Mangled by a salamander mystic

Levels and vault maps discovered:
D:1:      kb_arrival_jail, layout_basic
D:2:      layout_loops_ring, minmay_tromino_mix6
D:3:      layout_basic, lemuel_doored_altar, lemuel_crystal_altar
D:4:      layout_loops_ring, xom_teletrap_fun, first_ration, serial_shops, shop,
          shop, nicolae_shop_statue_plus, minmay_misc_feat_secret_circle,
          uniq_pikel, uniq_menkaure, uniq_sigmund
D:5:      layout_rooms, uniq_grinder
D:6:      kennysheep_six_static_rooms, layout_rooms, general_overflow_altar,
          kennysheep_mini_moat, lemuel_round_altar, cheibrodos_sewer_entry_bend
D:7:      layout_rooms, nicolae_overflow_crystal_walls,
          minmay_temple_entry_mini_moons, serial_shops, shop, grunt_livestock,
          uniq_joseph
D:8:      layout_loops_ring, makhleb_altar_promises_db, lemuel_crystal_altar,
          nicolae_overflow_hidden_temple, uniq_psyche
D:9:      layout_rooms, lemuel_coloured_pillars_altar, kiku_gazebo_pond_becter,
          marbit_many_paths, erik_lair_orcish_takeover, hangedman_incinerator
D:10:     minmay_blocky_corners, layout_stronghold, serial_ice, serial_ice_n,
          serial_ice_c, serial_ice_f, serial_ice_h, uniq_erolcha, uniq_snorg
D:11:     layout_loops_ring, david_orc_1_choice, basic_altar, serial_shops,
          nicolae_shop_window_shopping, nrook_uturn, okawaru_ov_weapons_minmay
Temple:   compressed_dpeg_triangle_lava_temple
Lair:1:   layout_cave_shapes, ebering_ghost_reflecting_pool, grunt_megastairs_3
Lair:2:   layout_regular_city, spider_nest_entry_funnel_web, grunt_megastairs_2
Lair:3:   layout_regular_city, skrybe_swamp_entry_bodies
Lair:4:   layout_regular_city, nicolae_volcano_entry_hallway,
          hellmonk_ghost_happy_afterlife, infiniplex_staircase_pool_2,
          serial_bayou_shore_b, lemuel_fruit_fields

Skill      XL: |  1  2  3  4  5  6  7  8  9 10 11 12 |
---------------+-------------------------------------+-----
Stealth        | 1 2 3 5 6 8 9 11 12 | 12.2
Unarmed Combat | 4 5 6 7 9 10 11 12 | 12.7
Fighting       | 2 3 4 6 7 8 9 |  9.0
Poison Magic   | 1 2 |  2.8
Transmutations | 3 4 5 6 7 8 |  8.7
Spellcasting   | 3 5 6 |  6.3
Ice Magic      | 1 3 |  3.0
Dodging        | |  2.0

Action                   |  1- 3 |  4- 6 |  7- 9 | 10-12 || total
-------------------------+-------+-------+-------+-------++-------
Melee: Unarmed           |    66 |   130 |   299 |   604 ||  1099
       Constrict         |    16 |    18 |    29 |    31 ||    94
       Tentacles         |     6 |     8 |    34 |    32 ||    80
       Kick              |     3 |       |       |       ||     3
       Punch             |     2 |     2 |     7 |     9 ||    20
Throw: Stone             |    11 |     5 |     2 |       ||    18
       Dart              |       |       |       |    11 ||    11
 Cast: Beastly Appendage |     2 |       |       |       ||     2
       Spider Form       |       |     6 |    23 |    32 ||    61
       Sticks to Snakes  |       |       |       |     5 ||     5
       Ice Form          |       |       |       |    23 ||    23
Invok: Potion Petition   |       |       |       |     3 ||     3
Evoke: Wand              |       |     2 |     6 |    21 ||    29
  Use: Scroll            |       |     4 |     1 |    19 ||    24
       Potion            |       |     1 |       |    12 ||    13
 Stab: Sleeping          |     8 |     4 |    12 |    25 ||    49
       Invisible         |       |       |       |     1 ||     1
  Eat: Chunk             |     2 |     3 |    10 |       ||    15
       Ration            |     1 |     1 |     3 |    16 ||    21
Armor: Skin              |     3 |    11 |    10 |    40 ||    64
Dodge: Dodged            |    39 |    92 |   181 |   346 ||   658
